 Dungeon Crawl Stone Soup version 0.27.1-34-g3ba077fa99 (webtiles) character file.

Game seed: 12786121508176642966

18 shadowrider38 the Skirmisher (level 2, -1/25 HPs)
             Began as a Demonspawn Fighter on Jan 5, 2022.
             Slain by a hobgoblin (4 damage)
             ... on level 1 of the Dungeon.
             The game lasted 00:04:51 (846 turns).

shadowrider38 the Skirmisher (Demonspawn Fighter)    Turns: 846, Time: 00:04:52

Health: -1/25      AC: 10    Str: 16    XL:     2   Next: 48%
Magic:  2/2        EV:  6    Int:  9    God:
Gold:   0          SH:  8    Dex: 12    Spells: 1/1 levels left

rFire    . . .     SeeInvis .   a - +0 trident
rCold    . . .     Faith    .   c - +0 kite shield
rNeg     . . .     Spirit   .   b - +0 scale mail
rPois    .         Reflect  .   (no helmet)
rElec    .         Harm     .   (no cloak)
rCorr    .         Rampage  .   (no gloves)
Will     .....                  (no boots)
Stlth    ..........             (no amulet)
HPRegen  0.08/turn              f - +4 ring of protection
MPRegen  0.16/turn              (no ring)

@: no status effects
A: magic regeneration
a: no special abilities


You were on level 1 of the Dungeon.
You visited 1 branch of the dungeon, and saw 1 of its levels.

Inventory:

Hand Weapons
 a - a +0 trident (weapon)
Armour
 b - a +0 scale mail (worn)
 c - a +0 kite shield (worn)
Jewellery
 f - a +4 ring of protection (left hand)
Scrolls
 e - a scroll of identify {unknown}
Potions
 d - a potion of might


   Skills:
 + Level 3.6 Fighting
 - Level 2.1 Polearms
 - Level 2.6 Armour
 - Level 2.6 Shields


You had one spell level left.
You didn't know any spells.
Your spell library was empty.

Dungeon Overview and Level Annotations

Branches:
Dungeon (1/15)

Altars:


Innate Abilities, Weirdness & Mutations

You regenerate magic rapidly.


Message History

You block the rat's attack. The frilled lizard bites you.
* * * LOW HITPOINT WARNING * * *
You hit the frilled lizard.
You kill the frilled lizard!
The rat bites you but does no damage. x2
You hit the hobgoblin.
The hobgoblin is moderately wounded.
The hobgoblin hits you but does no damage.
The rat closely misses you.
The hobgoblin hits you but does no damage.
You closely miss the hobgoblin.
The hobgoblin is moderately wounded.
The rat bites you but does no damage.
The hobgoblin hits you but does no damage.
The rat bites you.
* * * LOW HITPOINT WARNING * * *
Press: ? - help, v - describe, . - travel The floor.
You barely miss the hobgoblin.
The hobgoblin is moderately wounded.
The hobgoblin barely misses you. You block the rat's attack.
The hobgoblin hits you but does no damage.
You hit the hobgoblin but do no damage.
The hobgoblin is moderately wounded.
The rat bites you but does no damage. The hobgoblin barely misses you.
The rat bites you but does no damage.
You barely miss the hobgoblin.
The hobgoblin is moderately wounded.
The hobgoblin hits you but does no damage.
You block the rat's attack. The hobgoblin hits you.
* * * LOW HITPOINT WARNING * * *
You closely miss the hobgoblin.
The hobgoblin is moderately wounded.
You block the rat's attack. The hobgoblin barely misses you.
You block the rat's attack.
You barely miss the hobgoblin.
The hobgoblin is moderately wounded.
The hobgoblin hits you but does no damage.
The rat bites you but does no damage. The hobgoblin hits you.
You die...

#.≈≈≈...≈...#)##
#.≈≈≈≈≈≈≈≈..#.#.
##.≈≈≈≈≈≈≈...###.
#....≈≈≈≈≈....##.
#...≈≈≈≈≈≈.≈.≈.#.
#.≈...≈...≈≈≈≈##.
##...#.≈...≈≈..##.
#rg)##..#)≈≈≈..##.
#@#..####..≈..##..
####..#.##....#.g#
##÷...##..##.##
##...#####..#
##.....g..##
##########


You could see a hobgoblin and a rat.

Vanquished Creatures
  2 endoplasms (D:1)
  2 giant cockroaches (D:1)
  3 goblins (D:1)
  A hobgoblin (D:1)
  A quokka (D:1)
  2 bats (D:1)
  2 frilled lizards (D:1)
  4 rats (D:1)
17 creatures vanquished.

Notes
Turn   | Place    | Note
-------+----------+-------------------------------------------
     0 | D:1      | shadowrider38 the Demonspawn Fighter began the quest for
                  | the Orb.
     0 | D:1      | Reached XP level 1. HP: 18/18 MP: 1/1
   412 | D:1      | Gained mutation: You regenerate magic rapidly. [demonic
                  | ancestry]
   412 | D:1      | Reached XP level 2. HP: 24/24 MP: 2/2
   846 | D:1      | Slain by a hobgoblin

Illustrated notes

Levels and vault maps discovered:
D:1:      dpeg_arrival_subterranean_lakeside_camping, layout_rooms,
          serial_shops, shop

Skill      XL: |  1 |
---------------+----+-----
Polearms       | 2 |  2.1
Fighting       | |  3.6
Armour         | |  2.6
Shields        | |  2.6

Action                   || total
-------------------------++-------
Melee: Trident           ||    73
Armor: Scale mail        ||    60
Dodge: Dodged            ||    28
Block: Kite shield       ||    33
